 Dungeon Crawl Stone Soup version 0.31.0-10-gcf4a605ca0 (webtiles) character file.

Game seed: 11486822725743355493

85 Ijustatesigmund the Digger (level 4, -2/28 HPs)
             Began as a Gargoyle Earth Elementalist on Jan 25, 2024.
             Slain by an orc
             ... wielding a +0 trident
              (7 damage)
             ... on level 3 of the Dungeon.
             The game lasted 00:03:14 (2083 turns).

Ijustatesigmund the Digger (GrEE)                   Turns: 2083, Time: 00:03:15

Health: -2/28      AC:  5    Str: 11    XL:     4   Next: 48%
Magic:  3/7        EV: 11    Int: 18    God:
Gold:   124        SH:  0    Dex: 10    Spells: 6/7 levels left

rFire   . . .        f - +0 triple sword (holy)
rCold   . . .        (shield currently unavailable)
rNeg    + . .        a - +0 robe
rPois   ∞            (no helmet)
rElec   +            (no cloak)
rCorr   .            (no gloves)
SInv    .            (no boots)
Will    +....        (no amulet)
Stlth   ++           (no ring)
HPRegen 0.24/turn    (no ring)
MPRegen 0.10/turn

%: no passive effects
@: enlightened, flying, very slightly contaminated, hasted, very quick
A: sickness immunity, AC +3, negative energy resistance 1, electricity
resistance, torment resistance 1, petrification resistance
a: no special abilities


You were on level 3 of the Dungeon.
You visited 1 branch of the dungeon, and saw 3 of its levels.

You collected 136 gold pieces.
You spent 12 gold pieces at shops.

Inventory:

Hand Weapons
 f - a +0 triple sword of holy wrath (weapon)
Armour
 a - a +0 robe (worn)
Scrolls
 d - a scroll of fear
 g - a scroll of brand weapon {unknown}
 h - 3 scrolls of identify {unknown}
 j - a scroll of immolation {unknown}
 k - a scroll of teleportation {unknown}
Potions
 b - a potion of magic
 c - a potion of resistance {unknown}
 e - a potion of heal wounds {unknown}
 l - a potion of brilliance {unknown}
 m - a potion of mutation {unknown}


   Skills:
 + Level 3.2 Fighting
 - Level 1.5 Dodging
 - Level 2.1 Stealth
 + Level 2.4 Spellcasting
 + Level 1.9 Conjurations
 + Level 4.0 Earth Magic


You had 6 spell levels left.
You knew the following spells:

 Your Spells              Type           Power      Damage    Failure   Level
a - Sandblast             Erth           32%        2d9       3%          1

Your spell library contained the following spells:

 Spells                   Type           Power      Damage    Failure   Level
 Passwall                 Erth           16%        N/A       10%         3
 Stone Arrow              Conj/Erth      26%        3d8       16%         3
 Brom's Barrelling Bould  Conj/Erth      13%        2d4       45%         4
 Petrify                  Alch/Erth      9%         N/A       58%         4


Dungeon Overview and Level Annotations

Branches:
Dungeon (3/15)

Altars:

Shops:
D:2 [*   D:3 (


Innate Abilities, Weirdness & Mutations

You are immune to sickness and miasma.
Your stone body is resilient. (AC +3)
You are immune to poison.
You resist negative energy. (rN+)
You are resistant to electric shocks. (rElec)
You are resistant to unholy torment.
You are immune to petrification.


Message History

The orc attacks as it pursues you!
The orc hits you from afar with a +0 trident!
The orc misses you.
You closely miss the orc. The orc barely misses you. x2
You hit the orc.
The orc is lightly wounded.
The orc misses you.
You barely miss the orc.
The orc is lightly wounded.
The orc hits you with a +0 trident! The orc hits you with a +0 trident.
* * * LOW HITPOINT WARNING * * *
You are too injured to fight recklessly!
You are too injured to fight recklessly!
You are too injured to fight recklessly!
You are too injured to fight recklessly!
You are too injured to fight recklessly!
You are too injured to fight recklessly!
You are too injured to fight recklessly!
You are too injured to fight recklessly!
You are too injured to fight recklessly!
You are too injured to fight recklessly!
You are too injured to fight recklessly!
You are too injured to fight recklessly!
You are too injured to fight recklessly!
Casting: Sandblast (safe; 3% risk of failure)
Confirm with . or Enter, or press ? or * to list all spells.
Aiming: Sandblast (safe; 3% risk of failure)
Press: ? - help, Shift-Dir - straight line, f - orc
Aim: an orc, wielding a +0 trident (lightly wounded, 82% to hit)
You miscast Sandblast.
You are very lightly contaminated with residual magic.
Nothing appears to happen.
The orc hits you with a +0 trident.
* * * LOW HITPOINT WARNING * * *
Okay, then.
It was a potion of enlightenment.
You feel very buoyant.
You fly up into the air.
The orc misses you.
It was a potion of haste.
You feel yourself speed up. The orc hits you with a +0 trident!
You die...

##################
#.................
#.################
#@#
########o######
#.....)ww.......
#......).##...##
.....∩...# ..#
.......... ... .
##.......## ## #
#.......# .
#.......# ##


You could see 2 dart slugs and an orc.

Vanquished Creatures
  3 gnolls
  2 adders (D:2)
  2 orcs (D:3)
  2 bats
  2 endoplasms (D:2)
  2 giant cockroaches
  2 goblins (D:2)
  6 hobgoblins
  6 jackals
  A kobold (D:3)
  A quokka (D:2)
  3 ball pythons
  A frilled lizard (D:2)
  A rat (D:1)
34 creatures vanquished.

Notes
Turn   | Place    | Note
-------+----------+-------------------------------------------
     0 | D:1      | Ijustatesigmund the Gargoyle Earth Elementalist began the
                  | quest for the Orb.
     0 | D:1      | Reached XP level 1. HP: 10/10 MP: 3/3
   244 | D:1      | Reached skill level 1 in Fighting
   491 | D:1      | Reached XP level 2. HP: 17/17 MP: 1/5
   917 | D:3      | Reached XP level 3. HP: 7/22 MP: 2/6
  1260 | D:2      | Found Inat's General Store.
  1264 | D:2      | Reached XP level 4. HP: 12/28 MP: 4/7
  1331 | D:2      | Bought a potion of degeneration for 12 gold pieces
  1451 | D:2      | Reached skill level 4 in Earth Magic
  1532 | D:2      | Found Asinyirph's Antique Armour Boutique.
  2067 | D:3      | Found Ziphunaa's Antique Weapon Shoppe.
  2083 | D:3      | Slain by an orc

Illustrated notes

Levels and vault maps discovered:
D:1:      dpeg_arrival_round_b, layout_loops_ring
D:2:      layout_rooms, serial_shops, nicolae_shop_behind_doors,
          nicolae_diamond_shop
D:3:      layout_basic, zin_angel, serial_shops,
          nicolae_shop_tiny_real_fake_doors, shop,
          nicolae_shop_pleasant_corner_grove, minmay_close_crescents

Skill      XL: |  1  2  3  4 |
---------------+-------------+-----
Fighting       | 1 2 3 |  3.2
Earth Magic    | 4 |  4.0
Dodging        | |  1.5
Stealth        | |  2.1
Spellcasting   | |  2.4
Conjurations   | |  1.9

Action                     |  1- 3 |  4- 6 || total
---------------------------+-------+-------++-------
  Melee: Triple sword      |    35 |     4 ||    39
   Cast: Sandblast         |    24 |    17 ||    41
    Use: Potion            |       |     2 ||     2
         Scroll            |       |     1 ||     1
 Armour: Robe              |    51 |    14 ||    65
  Dodge: Dodged            |    55 |     7 ||    62
